 Dungeon Crawl Stone Soup version 0.30-a0-170-g85af917532 (webtiles) character file.

Game seed: 11469169546933450102

228 qw the Chopper (level 6, 0/37 HPs)
             Began as a Gargoyle Fighter on Sept 30, 2022.
             Slain by an orc
             ... wielding a +0 trident
              (2 damage)
             ... on level 4 of the Dungeon.
             The game lasted 00:01:28 (3582 turns).

qw the Chopper (Gargoyle Fighter)                   Turns: 3582, Time: 00:01:28

Health: 0/37       AC: 15    Str: 21    XL:     6   Next: 2%
Magic:  6/6        EV:  5    Int:  9    God:
Gold:   99         SH:  9    Dex:  9    Spells: 5/5 levels left

rFire   . . .      SeeInvis .    Y - +0 war axe
rCold   . . .      Faith    .    c - +0 buckler
rNeg    + + .      Spirit   .    i - +0 plate armour
rPois   inf        Reflect  +    (no helmet)
rElec   +          Harm     .    (no cloak)
rCorr   .          Rampage  .    (no gloves)
Will    .....                    (no boots)
Stlth   ..........               m - amulet of reflection
HPRegen 0.12/turn                e - ring of positive energy
MPRegen 0.10/turn                (no ring)

@: no status effects
A: sickness immunity, AC +4, negative energy resistance 1, electricity
resistance, torment resistance 1, petrification resistance
a: no special abilities


You were on level 4 of the Dungeon.
You visited 1 branch of the dungeon, and saw 4 of its levels.

You collected 99 gold pieces.


Innate Abilities, Weirdness & Mutations

You are immune to sickness and miasma.
Your stone body is resilient. (AC +4)
You are immune to poison.
You resist negative energy. (rN+)
You are resistant to electric shocks. (rElec)
You are resistant to unholy torment.
You are immune to petrification.


   Skills:
 + Level 3.4 Fighting
 - Level 5.4 Axes
 - Level 3.2 Armour
 - Level 3.2 Shields


You had 5 spell levels left.
You didn't know any spells.
Your spell library was empty.

Inventory:

Hand Weapons
 a - a +1 mace of protection
 Y - a +0 war axe (weapon)
Armour
 c - a +0 buckler (worn)
 i - a +0 plate armour (worn)
Jewellery
 e - a ring of positive energy (left hand)
 m - an amulet of reflection (around neck)
Scrolls
 g - a scroll of identify
Potions
 b - a potion of haste
 d - a potion of might
 h - a potion of curing {unknown}
 j - a potion of resistance {unknown}
 n - a potion of attraction

Dungeon Overview and Level Annotations

Branches:
Dungeon (4/15)
 Temple: D:4-7

Altars:

Annotations:
D:4 Eustachio


Message History

You hit the quasit but do no damage. You barely miss the bat.
You hit the quasit. You barely miss the bat. The bat barely misses you.
You block the bat's attack. The orc barely misses you.
You block the quasit's attack. The quasit barely misses you.
The quasit claws you but does no damage.
The quasit bites you but does no damage.
The quasit barely misses you.
The quasit claws you but does no damage.
Eustachio gestures wildly while chanting.
You block the orc's attack.
You closely miss the quasit.
The quasit is severely wounded.
You slash the rat!
You kill the rat!
The rat's corpse disappears in a puff of smoke!
You barely miss the quasit. You hit the bat. You closely miss the bat.
The bat disappears in a puff of smoke!
The bat hits you but does no damage. x2
The quasit bites you but does no damage.
The quasit claws you but does no damage. x2
The bat hits you but does no damage. You block the quasit's attack.
The quasit barely misses you. x2; The bat hits you but does no damage.
The quasit bites you but does no damage.
The quasit claws you but does no damage.
The quasit claws you.
The quasit bites you but does no damage.
The quasit barely misses you. You block the quasit's attack.
The orc hits you from afar with a +0 trident.
You hit the quasit but do no damage.
The quasit is severely wounded.
You barely miss the quasit. You hit the bat.
You kill the bat!
The bat's corpse disappears in a puff of smoke!
You barely miss the bat. You block the bat's attack.
The quasit barely misses you.
The quasit claws you but does no damage.
You block the quasit's attack. The quasit closely misses you.
The quasit claws you but does no damage. x2
The orc hits you from afar with a +0 trident.
You die...

#.........+
#.........#
##..$......#
...........#
[..........####++#
............).5..#
............b@¤..#
.........)..5.....#
#+#+##...<.or¤P....#
#.)....@.7P...#
#.........77..#
#>#+#.....7 ..# #.#
#.###... ## #.# #.#
#.. ..# .# #


You could see Eustachio, 2 quasits, a river rat (summoned), an orc and a bat
(summoned).

Vanquished Creatures
  A kobold brigand (D:3)
  4 adders
  3 worms (D:2)
  3 dart slugs
  4 orcs (D:4)
  10 endoplasms
  6 giant cockroaches
  5 goblins
  11 hobgoblins
  10 jackals
  2 quokkas
  5 ball pythons
  4 bats
  8 frilled lizards
  13 kobolds
  3 rats
92 creatures vanquished.

Vanquished Creatures (others)
  2 fungi (D:1)
2 creatures vanquished.

Grand Total: 94 creatures vanquished

Notes
Turn   | Place    | Note
-------+----------+-------------------------------------------
     0 | D:1      | qw the Gargoyle Fighter began the quest for the Orb.
     0 | D:1      | Reached XP level 1. HP: 14/14 MP: 1/1
     0 | D:1      | 0 ||| qw: Version: 0.2-a-12-gaebbb33
     0 | D:1      | 0 ||| qw: Game counter: 1484
     0 | D:1      | 0 ||| qw: Always use a shield: true
     0 | D:1      | 0 ||| qw: God list: Okawaru
     0 | D:1      | 0 ||| qw: Allow faded altars: false
     0 | D:1      | 0 ||| qw: Do Orc after D:15 true
     0 | D:1      | 0 ||| qw: Do second Lair branch before Depths: true
     0 | D:1      | 0 ||| qw: Lair rune preference: random
     0 | D:1      | 0 ||| qw: Plans: Normal, Zot:1-4, God:TSO, Crypt, Tomb,
                  | Pan, Slime:5, Hells, Abyss, Orb
     0 | D:1      | 0 ||| PLANNING D:1-11
    10 | D:1      | 10 ||| Stepping ~*~*~tactically~*~*~ (stealth).
    16 | D:1      | Reached skill level 2 in Axes
   214 | D:1      | Reached XP level 2. HP: 19/19 MP: 2/2
   244 | D:1      | 244 ||| Stepping ~*~*~tactically~*~*~ (stealth).
   298 | D:1      | 298 ||| Stepping ~*~*~tactically~*~*~ (stealth).
   439 | D:1      | 439 ||| Stepping ~*~*~tactically~*~*~ (hiding).
   582 | D:1      | 582 ||| Stepping ~*~*~tactically~*~*~ (stealth).
   583 | D:1      | 583 ||| Stepping ~*~*~tactically~*~*~ (stealth).
   585 | D:1      | 585 ||| Stepping ~*~*~tactically~*~*~ (stealth).
   592 | D:1      | 592 ||| Stepping ~*~*~tactically~*~*~ (stealth).
   612 | D:1      | Reached skill level 3 in Axes
   634 | D:1      | Reached XP level 3. HP: 21/23 MP: 3/3
   660 | D:1      | 660 ||| Stepping ~*~*~tactically~*~*~ (stealth).
   738 | D:1      | 738 ||| DROPPING +0 club.
   854 | D:1      | Found a faded altar of an unknown god.
  1313 | D:1      | 1313 ||| UPGRADING to +0 plate armour.
  1323 | D:1      | 1323 ||| DROPPING +0 scale mail.
  1324 | D:1      | 1324 ||| UPGRADING to ring of positive energy.
  1325 | D:1      | 1325 ||| READING scroll labelled IFUOTUE GO SYNK.
  1326 | D:1      | 1326 ||| READING 2 scrolls labelled CECKI VUXUGU.
  1327 | D:1      | 1327 ||| READING scroll labelled MEPUKO RASIT WEKH.
  1328 | D:1      | 1328 ||| READING scroll labelled ROIW GA LUABLE.
  1329 | D:1      | 1329 ||| READING scroll labelled YNGES PI ATYRU.
  1333 | D:1      | 1333 ||| DRINKING 2 lumpy emerald potions.
  1361 | D:2      | 1361 ||| Stepping ~*~*~tactically~*~*~ (hiding).
  1448 | D:2      | 1448 ||| Stepping ~*~*~tactically~*~*~ (stealth).
  1497 | D:2      | Reached XP level 4. HP: 18/28 MP: 4/4
  1835 | D:2      | 1835 ||| Stepping ~*~*~tactically~*~*~ (stealth).
  1840 | D:2      | 1840 ||| Stepping ~*~*~tactically~*~*~ (stealth).
  1841 | D:2      | 1841 ||| Stepping ~*~*~tactically~*~*~ (stealth).
  1844 | D:2      | 1844 ||| Stepping ~*~*~tactically~*~*~ (stealth).
  1852 | D:2      | 1852 ||| Stepping ~*~*~tactically~*~*~ (stealth).
  1872 | D:2      | Reached skill level 4 in Axes
  2414 | D:2      | 2414 ||| READING scroll labelled GAUWES OJOCKEE.
  2415 | D:2      | 2415 ||| DRINKING 2 smoky emerald potions.
  2416 | D:2      | 2416 ||| READING 2 scrolls of identify.
  2416 | D:2      | 2416 ||| IDENTIFYING murky coppery potion
  2417 | D:2      | 2417 ||| DROPPING potion of magic.
  2479 | D:3      | 2479 ||| Stepping ~*~*~tactically~*~*~ (stealth).
  2482 | D:3      | Reached XP level 5. HP: 32/32 MP: 5/5
  2534 | D:3      | 2534 ||| Stepping randomly (stuck).
  2535 | D:3      | 2535 ||| Stepping randomly (stuck).
  2536 | D:3      | 2536 ||| Stepping randomly (stuck).
  2648 | D:3      | 2648 ||| DROPPING +0 whip.
  2883 | D:3      | 2883 ||| Stepping ~*~*~tactically~*~*~ (stealth).
  2884 | D:3      | 2884 ||| Stepping ~*~*~tactically~*~*~ (stealth).
  3218 | D:3      | Noticed a kobold brigand
  3235 | D:3      | Killed a kobold brigand
  3236 | D:3      | Reached skill level 5 in Axes
  3479 | D:3      | 3479 ||| UPGRADING to amulet of reflection.
  3484 | D:3      | 3484 ||| READING scroll labelled ILATEW FIRR.
  3485 | D:3      | 3485 ||| READING scroll labelled PEX OSOFOL.
  3486 | D:3      | 3486 ||| READING 2 scrolls of identify.
  3486 | D:3      | 3486 ||| IDENTIFYING blue potion
  3521 | D:4      | Noticed Eustachio
  3522 | D:4      | 3522 ||| Stepping ~*~*~tactically~*~*~ (hiding).
  3523 | D:4      | 3523 ||| Stepping ~*~*~tactically~*~*~ (hiding).
  3524 | D:4      | 3524 ||| Stepping ~*~*~tactically~*~*~ (hiding).
  3538 | D:4      | HP: 6/32 [orc/+0 trident (5)]
  3539 | D:4      | Reached XP level 6. HP: 8/37 MP: 6/6
  3539 | D:4      | 3539 ||| READING scroll of teleportation.
  3540 | D:4      | 3540 ||| DRINKING potion of heal wounds.
  3576 | D:4      | HP: 7/37 [Eustachio/+0 rapier (5)]
  3581 | D:4      | HP: 7/37 [quasit[Eustachio] (1)]
  3581 | D:4      | HP: 2/37 [orc/+0 trident (5)]
  3582 | D:4      | Slain by an orc

Levels and vault maps discovered:
D:1:      evilmike_arrival_crescent, layout_basic,
          shapermc_ecumenical_altar_rom_forum, hangedman_decor_points
D:2:      layout_loops_ring
D:3:      cheibrodos_thug_alley, layout_loops_ring
D:4:      layout_basic, nicolae_uskayaw_en_pointe,
          mainiacjoe_overflow_catch_the_wave, minmay_temple_entry_ruins,
          serial_park_tiny_2, chequers_big_river, minmay_shop_grid_forest,
          grunt_ministairs_12, chequers_serial_rivers_room_b,
          kennysheep_generic_room_6, uniq_eustachio

Skill      XL: |  1  2  3  4  5 |
---------------+----------------+-----
Axes           | 2 3 4 5 |  5.4
Fighting       | |  3.4
Armour         | |  3.2
Shields        | |  3.2

Action                   |  1- 3 |  4- 6 || total
-------------------------+-------+-------++-------
Melee: War axe           |    94 |   183 ||   277
  Use: Scroll            |     5 |     6 ||    11
       Potion            |     1 |     2 ||     3
Armor: Scale mail        |    35 |       ||    35
       Plate armour      |     9 |   215 ||   224
Dodge: Dodged            |    47 |    79 ||   126
Block: Buckler           |    27 |   100 ||   127

Table legend:
 A = Non-vault XP
 B = Vault XP
 C = Vault XP percentage of total XP
 D = Non-vault monster count
 E = Vault monster count
 F = Vault count percentage of total count
                 A         B        C        D         E       F
            +---------+---------+-------+---------+---------+-------
      Total |     208 |     118 |  36.2 |      81 |      11 |  12.0
            +---------+---------+-------+---------+---------+-------
        D:1 |      62 |       0 |   0.0 |      36 |       0 |   0.0
        D:2 |      91 |       0 |   0.0 |      30 |       0 |   0.0
        D:3 |      43 |     118 |  73.3 |      11 |      11 |  50.0
        D:4 |      12 |       0 |   0.0 |       4 |       0 |   0.0
            +---------+---------+-------+---------+---------+-------
